 Dungeon Crawl Stone Soup version 0.32-a0-422-g28b100f (webtiles) character file.

Game seed: 11070210361054494475

134 Nithhogg the Trooper (level 4, -3/40 HPs)
             Began as a Mountain Dwarf Fighter on Feb 21, 2024.
             Slain by a crocodile (14 damage)
             ... in a sewer.
             The game lasted 00:03:05 (1879 turns).

Nithhogg the Trooper (Mountain Dwarf Fighter)       Turns: 1879, Time: 00:03:05

Health: -3/40      AC:  5    Str: 35    XL:     4   Next: 95%
Magic:  4/4        EV: 11    Int:  8    God:
Gold:   156        SH:  4    Dex:  9    Spells: 3/3 levels left

rFire   x . .        a - +0 war axe
rCold   . . .        c - +0 buckler
rNeg    + . .        m - +0 ring mail of Lucidity {rF- rN+ rCorr Str+8}
rPois   .            (no helmet)
rElec   .            (no cloak)
rCorr   +            (no gloves)
SInv    .            (no boots)
Will    .....        i - amulet of faith Stlth
                     e - +6 ring of strength
HPRegen 0.26/turn    (no ring)
MPRegen 0.09/turn

%: faith
@: mighty
A: runic magic, artefact enchanting
a: no special abilities


You were in a sewer.
You visited 1 branch of the dungeon, and saw 3 of its levels.
You also visited: Sewer.

You collected 156 gold pieces.

Inventory:

Hand Weapons
 a - a +0 war axe (weapon)
Armour
 b - a +0 scale mail
 c - a +0 buckler (worn)
 m - the +0 ring mail of Lucidity (worn) {rF- rN+ rCorr Str+8}
   (You found it on level 2 of the Dungeon)

   Str+8:     It affects your strength (+8).
   rF-:       It makes you vulnerable to fire.
   rN+:       It protects you from negative energy.
   rCorr:     It protects you from acid and corrosion.
Jewellery
 e - a +6 ring of strength (left hand)
 i - an amulet of faith (around neck)
Scrolls
 g - a scroll of fear
 h - 3 scrolls of blinking
 q - a scroll of immolation
Potions
 j - a potion of curing {unknown}
 n - 2 potions of haste {unknown}


   Skills:
 + Level 4.2 Fighting
 + Level 3.7 Axes
 + Level 4.2 Armour
 + Level 1.5 Dodging
 - Level 3.2 Shields


You had 3 spell levels left.
You didn't know any spells.
Your spell library contained the following spells:

 Spells                   Type           Power      Damage    Failure   Level
 Freeze                   Ice            0%         1d3       47%         1
 Dazzling Flash           Conj/Hex       0%         N/A       85%         3
 Frozen Ramparts          Ice            0%         1d1       85%         3
 Hailstorm                Conj/Ice       0%         3d5       85%         3
 Mephitic Cloud           Conj/Alch/Air  0%         N/A       85%         3
 Summon Ice Beast         Ice/Summ       0%         N/A       85%         3
 Curse of Agony           Necr           0%         N/A       100%        5
 Silence                  Hex/Air        0%         N/A       100%        5
 Sculpt Simulacrum        Ice/Alch       0%         N/A       100%        6


Dungeon Overview and Level Annotations

Branches:
Dungeon (3/15)              Sewer (1/1)

Altars:

Shops:
D:3 *


Innate Abilities, Weirdness & Mutations

Your spellcasting is much less encumbered by armour.
You can use scrolls of enchantment on lesser artefacts.


Message History

You see here an adder corpse.
You hear the rusting of a drain.
There is a glowing drain here.
The world spins around you as you enter the gateway.
You enter a sewer!
Found a gate leading back out of this place.
There is an empty arch of ancient stone here.
HP restored.
You enter the shallow water.
Moving in this stuff is going to be slow.
A rat comes into view.
The rat squeaks loudly.
A crocodile comes into view.
Your unstable footing causes you to fumble your attack.
You slash the rat!
You kill the rat!
You see here a rat corpse.
The crocodile bites you! The crocodile drags you backwards!
A rat comes into view.
You block the crocodile's attack.
The rat squeaks loudly.
You slash the crocodile!
The crocodile is moderately wounded.
The crocodile bites you but does no damage.
You slash the crocodile!
The crocodile is severely wounded.
The crocodile bites you! The crocodile drags you backwards!
You are too injured to fight recklessly!
You are too injured to fight recklessly!
There are monsters nearby!
You feel very mighty all of a sudden. The crocodile bites you!
* * * LOW HITPOINT WARNING * * *
You are too injured to fight recklessly!
It was a potion of magic.
Magic courses through your body. The crocodile closely misses you.
You slash the crocodile!
The crocodile is almost dead.
The crocodile bites you!
You die...

#### ##.~##
.~########.~~~###
.....rl@..†~~~∩∩#
#################


You could see a crocodile and a rat.

Vanquished Creatures
  4 adders
  3 dart slugs
  5 endoplasms
  A giant cockroach (D:3)
  3 goblins
  6 hobgoblins
  5 kobolds
  2 quokkas
  9 ball pythons
  8 bats
  2 frilled lizards (D:1)
  5 rats
53 creatures vanquished.

Notes
Turn   | Place    | Note
-------+----------+-------------------------------------------
     0 | D:1      | Nithhogg the Mountain Dwarf Fighter began the quest for the
                  | Orb.
     0 | D:1      | Reached XP level 1. HP: 19/19 MP: 1/1
    62 | D:1      | Reached XP level 2. HP: 25/26 MP: 2/2
   347 | D:1      | Reached XP level 3. HP: 33/33 MP: 3/3
   448 | D:1      | Reached skill level 1 in Dodging
   932 | D:2      | Reached XP level 4. HP: 39/40 MP: 4/4
  1269 | D:2      | Identified the +0 ring mail of Lucidity {rF- rN+ rCorr
                  | Str+8}
  1821 | D:3      | Found Emizxe's General Store.
  1840 | D:3      | Found a glowing drain.
  1859 | Sewer    | Entered a sewer
  1870 | Sewer    | Noticed a crocodile
  1879 | Sewer    | Slain by a crocodile

Illustrated notes

Levels and vault maps discovered:
D:1:      heliophobic_arrival_ceremonial_halls, layout_basic
D:2:      layout_basic, minmay_pentomino_v4
D:3:      layout_loops_ring, portal_sewer_entry_d, serial_shops, shop,
          shapermc_ecumenical_altar_acropolis, hangedman_decor_push,
          uniq_terence, uniq_crazy_yiuf_cottage
Sewer:    sewer_sea

Skill      XL: |  1  2  3  4 |
---------------+-------------+-----
Axes           | 3 |  3.7
Dodging        | 1 |  1.5
Fighting       | 4 |  4.2
Armour         | 4 |  4.2
Shields        | |  3.2

Action                     |  1- 3 |  4- 6 || total
---------------------------+-------+-------++-------
  Melee: War axe           |    91 |    70 ||   161
    Use: Scroll            |       |     6 ||     6
         Potion            |       |     2 ||     2
 Armour: Scale mail        |    65 |     5 ||    70
         Ring mail         |       |    40 ||    40
  Dodge: Dodged            |    73 |    45 ||   118
  Block: Buckler           |    25 |     8 ||    33

Table legend: (Time is in decaauts)
 A = Elapsed time spent in this place.
 B = Non-inter-level travel time spent in this place.
 C = Inter-level travel time spent in this place.
 D = Time resting spent in this place.
 E = Time spent auto-exploring this place.
 F = Levels seen in this place.
 G = Mean time per level.
                   A        B        C        D        E       F      G
               +--------+--------+--------+--------+--------+-----+--------+
         Total |   1942 |   1893 |     49 |     23 |   1397 |   4 |  485.5 |
       Dungeon |   1919 |   1870 |     49 |     23 |   1389 |   3 |  639.7 |
         Sewer |     23 |     23 |      0 |      0 |      8 |   1 |   23.0 |
               +--------+--------+--------+--------+--------+-----+--------+

Top non-repeatable levels by time:
     D:2: 872 daAuts
     D:1: 791 daAuts
     D:3: 255 daAuts
   Sewer: 23 daAuts
